 Dungeon Crawl Stone Soup version 0.31-a0-175-g9f7f995f2b (webtiles) character file.

Game seed: 1311378149494782598

450 qw the Chopper (level 7, 0/43 HPs)
             Began as a Gargoyle Fighter on June 17, 2023.
             Was an Initiate of Okawaru.
             Slain by an orc wizard
             ... wielding a +0 dagger
              (4 damage)
             ... on level 5 of the Dungeon.
             The game lasted 00:02:01 (3776 turns).

qw the Chopper (Gargoyle Fighter)                   Turns: 3776, Time: 00:02:01

Health: 0/43       AC: 20    Str: 22    XL:     7   Next: 4%
Magic:  6/7        EV:  5    Int:  8    God:    Okawaru [......]
Gold:   336        SH:  8    Dex:  9    Spells: 6/6 levels left

rFire   . . .        o - +0 war axe (vamp)
rCold   . . .        l - +0 kite shield
rNeg    + . .        i - +0 plate armour
rPois   inf          k - +0 helmet
rElec   +            f - +0 cloak
rCorr   .            j - +0 pair of gloves
SInv    .            a - +0 pair of boots
Will    .....        (no amulet) Stlth
                     (no ring)
HPRegen 0.27/turn    (no ring)
MPRegen 0.10/turn

%: no passive effects
@: no status effects
A: sickness immunity, AC +4, negative energy resistance 1, electricity
resistance, torment resistance 1, petrification resistance
a: Renounce Religion


You were on level 5 of the Dungeon.
You worshipped Okawaru.
Okawaru was noncommittal.
You visited 2 branches of the dungeon, and saw 6 of its levels.

You collected 336 gold pieces.


Innate Abilities, Weirdness & Mutations

You are immune to sickness and miasma.
Your stone body is resilient. (AC +4)
You are immune to poison.
You resist negative energy. (rN+)
You are resistant to electric shocks. (rElec)
You are resistant to unholy torment.
You are immune to petrification.


   Skills:
 - Level 4.0 Fighting
 - Level 5.5 Axes
 - Level 3.2 Armour
 - Level 1.1 Dodging
 + Level 4.6 Shields


You had 6 spell levels left.
You didn't know any spells.
Your spell library was empty.

Inventory:

Hand Weapons
 g - a +0 flail
 o - a +0 vampiric war axe (weapon)
Armour
 a - a +0 pair of boots (worn)
 f - a +0 cloak (worn)
 h - +0 ice dragon scales
 i - a +0 plate armour (worn)
 j - a +0 pair of gloves (worn)
 k - a +0 helmet (worn)
 l - a +0 kite shield (worn)
Potions
 b - a potion of haste
 d - 2 potions of might
 e - a potion of degeneration {unknown}

Dungeon Overview and Level Annotations

Branches:
Dungeon (5/15)             Temple (1/1) D:4

Altars:
Ashenzari
Cheibriados
Elyvilon
Fedhas
Gozag
Hepliaklqana
Kikubaaqudgha
Makhleb
Nemelex Xobeh
Okawaru
Qazlal
Sif Muna
Trog
Vehumet
Wu Jian
Xom
Zin


Message History

The orc warrior is severely wounded.
You hear a shout!
You closely miss the orc warrior.
The orc warrior is severely wounded.
The orc warrior hits you but does no damage.
The orc warrior hits you with a +1 flail of holy wrath.
You slash the orc warrior!
You feel better.
The orc warrior is almost dead.
The orc warrior hits you but does no damage.
You barely miss the orc warrior.
The orc warrior is almost dead.
You feel like a meek peon again. The orc warrior closely misses you.
An orc wizard comes into view. It is wielding a +0 dagger.
You closely miss the orc warrior.
The orc warrior is almost dead.
The orc warrior hits you with a +1 flail of holy wrath.
The orc wizard casts a spell at you.
You are confused.
The orc warrior hits you with a +1 flail of holy wrath!
The orc warrior hits you with a +1 flail of holy wrath.
You hear a distant slurping noise.
The door mysteriously vanishes.
A jelly comes into view.
An orc priest comes into view. It is wielding a +0 short sword.
The orc warrior hits you with a +1 flail of holy wrath!
The orc wizard hits you but does no damage.
An orc comes into view. It is wielding a +0 dagger.
The orc warrior hits you but does no damage.
The orc wizard barely misses you.
The orc shouts!
The orc priest mumbles some strange prayers to Beogh against you.
Beogh smites you! The orc hits you but does no damage.
The orc warrior hits you but does no damage.
The orc wizard hits you but does no damage.
You feel less confused. You block the jelly's attack.
The orc hits you but does no damage. The orc warrior completely misses you.
The orc wizard hits you with a +0 dagger.
You die...

#..### #...#
+......####'## #
#............# #.
#..##........# #..
#..##..###'### ##...
#..##> #...###
......#..######.....#
.....o'.oo..........#
......#oo@..........#
..... #..J.%........+
##.$ #......##...###
#o ##.##..###### # ..
#..# ... #..# ...
+..# .... #..# #...


You could see an orc warrior, a jelly, an orc priest, an orc wizard and 2 orcs.

Vanquished Creatures
  A black bear (D:5)
  A gnoll bouda (D:4)
  3 hounds
  8 gnolls (D:4)
  7 adders
  A white imp (D:5)
  A worm (D:2)
  5 dart slugs
  An orc (D:3)
  5 ball pythons
  11 bats
  6 endoplasms
  4 giant cockroaches
  8 goblins
  6 hobgoblins
  A jackal (D:3)
  8 kobolds
  3 quokkas
  5 frilled lizards
  7 rats
92 creatures vanquished.

Notes
Turn   | Place    | Note
-------+----------+-------------------------------------------
     0 | D:1      | qw the Gargoyle Fighter began the quest for the Orb.
     0 | D:1      | Reached XP level 1. HP: 14/14 MP: 1/1
     0 | D:1      | 0 ||| qw: Version: 0.3-a-2-g5ab2908
     0 | D:1      | 0 ||| qw: Game counter: 175
     0 | D:1      | 0 ||| qw: Always use a shield: true
     0 | D:1      | 0 ||| qw: God list: Okawaru
     0 | D:1      | 0 ||| qw: Allow faded altars: false
     0 | D:1      | 0 ||| qw: Do Orc after D:15 true
     0 | D:1      | 0 ||| qw: Do second Lair branch before Depths: true
     0 | D:1      | 0 ||| qw: Lair rune preference: random
     0 | D:1      | 0 ||| qw: Plans: Normal, Zot:1-4, Slime:5, God:TSO, Crypt,
                  | Tomb, Abyss, Pan, Hells, Win
     0 | D:1      | 0 ||| PLANNING D:1-11
    28 | D:1      | 28 ||| Stepping ~*~*~tactically~*~*~ (hiding).
    33 | D:1      | 33 ||| Stepping ~*~*~tactically~*~*~ (hiding).
    39 | D:1      | Reached skill level 2 in Axes
   182 | D:1      | Reached XP level 2. HP: 19/19 MP: 2/2
   492 | D:1      | Found a faded altar of an unknown god.
   498 | D:1      | Reached skill level 3 in Axes
   640 | D:1      | Reached XP level 3. HP: 22/23 MP: 3/3
   764 | D:1      | 764 ||| UPGRADING to +0 cloak.
   769 | D:1      | 769 ||| UPGRADING to +0 ice dragon scales.
   779 | D:1      | 779 ||| UPGRADING to +0 helmet.
   784 | D:1      | 784 ||| READING scroll labelled EGAFU SUEXIU.
   885 | D:1      | 885 ||| READING 2 scrolls labelled UMIFUKIWEK.
   886 | D:1      | 886 ||| READING 2 scrolls labelled LINYNI JEHY.
   887 | D:1      | 887 ||| READING 2 scrolls labelled UNTAME KE XUAC.
   892 | D:1      | 892 ||| DROPPING scroll of immolation.
   893 | D:1      | 893 ||| DROPPING scroll of fog.
   986 | D:2      | 986 ||| Stepping ~*~*~tactically~*~*~ (stealth).
  1244 | D:2      | Reached XP level 4. HP: 28/28 MP: 4/4
  1396 | D:2      | Reached skill level 4 in Axes
  1829 | D:2      | 1829 ||| UPGRADING to +0 pair of boots.
  1834 | D:2      | 1834 ||| READING scroll labelled AXTUAXEUZE.
  1835 | D:2      | 1835 ||| READING scroll labelled KELUOL UNYANT.
  1836 | D:2      | 1836 ||| READING scroll labelled XAVUICZ FUEK.
  1837 | D:2      | 1837 ||| READING scroll labelled UFRA BUEZOIPS.
  1838 | D:2      | 1838 ||| READING scroll labelled QYGOAS RADEROG.
  2028 | D:3      | 2028 ||| Stepping ~*~*~tactically~*~*~ (hiding).
  2072 | D:3      | 2072 ||| Stepping ~*~*~tactically~*~*~ (stealth).
  2081 | D:3      | 2081 ||| Stepping ~*~*~tactically~*~*~ (hiding).
  2082 | D:3      | 2082 ||| Stepping ~*~*~tactically~*~*~ (hiding).
  2083 | D:3      | 2083 ||| Stepping ~*~*~tactically~*~*~ (hiding).
  2086 | D:3      | 2086 ||| Stepping ~*~*~tactically~*~*~ (hiding).
  2088 | D:3      | 2088 ||| Stepping ~*~*~tactically~*~*~ (hiding).
  2119 | D:3      | 2119 ||| Stepping ~*~*~tactically~*~*~ (stealth).
  2120 | D:3      | 2120 ||| Stepping ~*~*~tactically~*~*~ (stealth).
  2123 | D:3      | 2123 ||| Stepping ~*~*~tactically~*~*~ (stealth).
  2633 | D:3      | 2633 ||| READING scroll labelled KODUNGUONA.
  2680 | D:4      | Reached XP level 5. HP: 28/32 MP: 5/5
  2690 | D:4      | HP: 8/32 [hound (3)]
  2691 | D:4      | 2691 ||| READING scroll of teleportation.
  2839 | D:4      | Reached skill level 5 in Axes
  3078 | D:4      | 3078 ||| DROPPING +0 club.
  3144 | D:4      | Reached XP level 6. HP: 35/38 MP: 6/6
  3161 | D:4      | Found a staircase to the Ecumenical Temple.
  3162 | D:4      | 3162 ||| PLANNING TEMPLE
  3176 | D:4      | 3176 ||| UPGRADING to +0 pair of gloves.
  3181 | D:4      | 3181 ||| READING scroll labelled QEIVUEV SEODDE.
  3193 | Temple   | Entered the Ecumenical Temple
  3193 | Temple   | Found a transporter.
  3193 | Temple   | Found a transporter.
  3195 | Temple   | Found a transporter.
  3195 | Temple   | Found a transporter.
  3205 | Temple   | 3205 ||| PLANNING D:1-11
  3208 | Temple   | 3208 ||| PLANNING OKAWARU WORSHIP
  3210 | Temple   | Became a worshipper of Warmaster Okawaru
  3211 | Temple   | 3211 ||| PLANNING D:1-11
  3307 | D:4      | 3307 ||| Stepping ~*~*~tactically~*~*~ (stealth).
  3309 | D:4      | 3309 ||| Stepping ~*~*~tactically~*~*~ (hiding).
  3318 | D:4      | Reached skill level 1 in Dodging
  3591 | D:4      | 3591 ||| DROPPING +0 scale mail.
  3592 | D:4      | 3592 ||| UPGRADING to +0 plate armour.
  3602 | D:4      | 3602 ||| UPGRADING to +0 kite shield.
  3612 | D:4      | 3612 ||| DROPPING +0 buckler.
  3647 | D:5      | Entered Level 5 of the Dungeon
  3648 | D:5      | 3648 ||| PLANNING SEWER
  3724 | D:5      | Noticed a black bear
  3730 | D:5      | Killed a black bear
  3730 | D:5      | Reached * piety under Okawaru
  3731 | D:5      | Reached XP level 7. HP: 35/43 MP: 7/7
  3755 | D:5      | 3755 ||| Stepping ~*~*~tactically~*~*~ (stealth).
  3759 | D:5      | 3759 ||| Stepping ~*~*~tactically~*~*~ (stealth).
  3760 | D:5      | 3760 ||| INVOKING Heroism.
  3775 | D:5      | HP: 4/43 [orc priest/divine providence (15)]
  3776 | D:5      | Slain by an orc wizard

Levels and vault maps discovered:
D:1:      shiori_shiawase, layout_rooms, ebering_ecumenical_altar_hall,
          chequers_serial_rivers_large_b, st_stairs_5
D:2:      layout_basic
D:3:      minmay_octagon_keep, layout_basic
D:4:      layout_loops_ring, minmay_temple_entry_glassed_door,
          chequers_mini_garden
D:5:      layout_gridville, cheibrodos_sewer_entry_drain, serial_shops,
          nicolae_shop_trees
Temple:   hellmonk_temple_divided_pantheon

Skill      XL: |  1  2  3  4  5  6 |
---------------+-------------------+-----
Axes           | 2 3 4 5 |  5.5
Fighting       | 4 |  4.0
Dodging        | 1 |  1.1
Shields        | 4 |  4.6
Armour         | |  3.2

Action                     |  1- 3 |  4- 6 |  7- 9 || total
---------------------------+-------+-------+-------++-------
  Melee: War axe           |   133 |   222 |     9 ||   364
 Invoke: Heroism           |       |       |     1 ||     1
    Use: Scroll            |     4 |     8 |       ||    12
 Armour: Scale mail        |    82 |       |       ||    82
         Ice dragon scales |    24 |   138 |       ||   162
         Plate armour      |       |    15 |     9 ||    24
  Dodge: Dodged            |    66 |   121 |     3 ||   190
  Block: Buckler           |    34 |    54 |       ||    88
         Kite shield       |       |    12 |     4 ||    16

Table legend:
 A = Non-vault XP
 B = Vault XP
 C = Vault XP percentage of total XP
 D = Non-vault monster count
 E = Vault monster count
 F = Vault count percentage of total count
                 A         B        C        D         E       F
            +---------+---------+-------+---------+---------+-------
      Total |     622 |      22 |   3.4 |      81 |      11 |  12.0
            +---------+---------+-------+---------+---------+-------
        D:1 |      39 |       5 |  11.4 |      21 |       3 |  12.5
        D:2 |      60 |       0 |   0.0 |      16 |       0 |   0.0
        D:3 |      25 |      17 |  40.5 |      15 |       8 |  34.8
        D:4 |     319 |       0 |   0.0 |      26 |       0 |   0.0
        D:5 |     179 |       0 |   0.0 |       3 |       0 |   0.0
            +---------+---------+-------+---------+---------+-------
